 Dungeon Crawl Stone Soup version 0.17.1-1-g73c8601 (webtiles) character file.

666 Lianjan the Digger (level 7, 0/36 HPs)
             Began as a Gargoyle Earth Elementalist on Jan 29, 2016.
             Killed from afar by an orc wizard (8 damage)
             ... with a puff of frost
             ... on level 5 of the Dungeon.
             The game lasted 00:30:55 (5529 turns).

Lianjan the Digger (Gargoyle Earth Elementalist)    Turns: 5529, Time: 00:30:55

Health: 0/36       AC:  9    Str: 11    XL:     7   Next: 57%
Magic:  10/15      EV: 12    Int: 18    God:
Gold:   329        SH:  0    Dex: 10    Spells: 4 memorised, 6 levels left

rFire  . . .     SeeInvis .     k - +0 whip
rCold  . . .     Clarity  .     a - +0 robe
rNeg   + . .     SustAt   .     (no shield)
rPois  ∞         Gourm    .     (no helmet)
rElec  +         Spirit   .     p - +1 cloak
rCorr  .         Warding  .     (no gloves)
rMut   .         Stasis   .     j - +0 pair of boots
MR     .....                    (no amulet)
Stlth  ++........               (no ring)
                                (no ring)

@: not resistant to hostile enchantments, unstealthy
A: negative energy resistance 1, electricity resistance, unbreathing,
petrification resistance, rot immunity, AC +4
a: no special abilities


You were on level 5 of the Dungeon.
You were not hungry.

You visited 1 branch of the dungeon, and saw 5 of its levels.

You collected 329 gold pieces.

Inventory:

Hand Weapons
 k - a +0 whip (weapon)
Missiles
 b - 194 stones (quivered)
Armour
 a - a +0 robe (worn)
 j - a +0 pair of boots (worn)
 p - a +1 cloak (worn)
Jewellery
 r - a +4 ring of intelligence {unknown}
 s - an uncursed ring of stealth {unknown}
 v - a +2 ring of protection {unknown}
Wands
 w - a wand of digging (9)
 E - a wand of digging (13)
Scrolls
 e - 3 scrolls of random uselessness {unknown}
 h - 6 scrolls of identify {unknown}
 l - a scroll of remove curse {unknown}
 o - 3 scrolls of teleportation {unknown}
 q - 2 scrolls of enchant armour {unknown}
 t - a scroll of amnesia {unknown}
 u - 2 scrolls of recharging {unknown}
 y - a scroll of noise {unknown}
 z - a scroll of enchant weapon {unknown}
 A - a scroll of magic mapping {unknown}
Potions
 g - a potion of agility {unknown}
 i - 3 potions of curing {unknown}
 m - a potion of invisibility {unknown}
 B - 2 potions of might {unknown}
 D - a potion of heal wounds {unknown}
Books
 c - a book of Geomancy

   Spells                             Type                      Level
   a - Sandblast                      Earth                        1
   b - Stoneskin                      Transmutation/Earth          2
   c - Passwall                       Transmutation/Earth          3
   d - Stone Arrow                    Conjuration/Earth            3
   e - Petrify                        Transmutation/Earth          4
   f - Lee's Rapid Deconstruction     Earth                        5
Comestibles
 d - 4 bread rations
 f - 4 meat rations
 n - a slice of pizza
 x - 3 beef jerkies
 C - 13 chunks of flesh


   Skills:
 - Level 1.5 Dodging
 - Level 2.1 Stealth
 * Level 5.6 Spellcasting
 + Level 3.6 Conjurations
 - Level 0.7 Transmutations
 + Level 6.1 Earth Magic


You had 6 spell levels left.
You knew the following spells:

 Your Spells              Type           Power        Failure   Level  Hunger
a - Sandblast             Erth           ####..       1%          1    None
b - Stoneskin             Trmt/Erth      ###.....     6%          2    None
c - Stone Arrow           Conj/Erth      ###...       6%          3    ##.....
d - Lee's Rapid Deconstr  Erth           ####......   28%         5    #####..


Dungeon Overview and Level Annotations

Branches:
Dungeon (5/15)
 Temple: D:4-7

Altars:
Yredelemnul
The Shining One

Shops:
D:5 }

Annotations:
D:2 Terence


Innate Abilities, Weirdness & Mutations

You are resistant to torment.
Your stone body is resilient (AC +4).
You are immune to poison.
You resist negative energy.
You are resistant to electric shocks.
You can survive without breathing.
You are immune to petrification.
You are immune to rotting.


Message History

A magic dart appears from out of thin air!
The magic dart hits you! Something hits you but does no damage.
You closely miss something. Something hits you but does no damage.
You miss something. You hit something. Something hits you but does no damage.
Something barely misses you.
You closely miss something.
You hear some strange, mumbled words.
A puff of flame appears from out of thin air!
The puff of flame hits you! Something hits you but does no damage.
You hit something.
You hear some strange, mumbled words.
A puff of flame appears from out of thin air!
The puff of flame hits you!
* * * LOW HITPOINT WARNING * * *
You barely miss something.
You hear some strange, mumbled words.
A puff of frost appears from out of thin air!
The puff of frost hits you!
You die...

#.##.##.# #
#.......## #
##........## #
#..........# #
#.#........#
#.#......#.# #
#.###.##.#.# #
#.##.....#.##### #
#.#.......@....#.#
#..###+###.{.....#
##..#≈≈.≈≈#[###%###
#...#≈♣.♣≈#..## #
##..'..∩..'[..#
##.#≈♣.♣≈#..##
###≈≈.≈≈#.##
###+#####


There were no monsters in sight!

Vanquished Creatures
  A centaur (D:5)
  A scorpion (D:5)
  A crimson imp (D:5)
  An orc priest (D:5)
  3 orc wizards
  A giant frog skeleton (D:5)
  A hound (D:5)
  2 worker ants
  An iguana (D:5)
  8 gnolls
  8 adders
  2 worms
  5 giant geckos
  17 orcs
  10 giant cockroaches
  5 goblins
  7 hobgoblins
  3 jackals (D:5)
  9 kobolds
  2 quokkas
  2 ball pythons
  9 bats
  3 giant newts
  A jackal skeleton (D:4)
  7 rats
110 creatures vanquished.

Notes
Turn   | Place    | Note
--------------------------------------------------------------
     0 | D:1      | Lianjan the Gargoyle Earth Elementalist began the quest for the Orb.
     0 | D:1      | Reached XP level 1. HP: 10/10 MP: 3/3
   225 | D:1      | Reached XP level 2. HP: 7/15 MP: 0/5
   540 | D:1      | Reached skill level 4 in Earth Magic
   897 | D:1      | Reached XP level 3. HP: 19/19 MP: 7/7
   901 | D:1      | Learned a level 2 spell: Stoneskin
   905 | D:1      | Learned a level 3 spell: Stone Arrow
  1385 | D:2      | Reached XP level 4. HP: 13/24 MP: 5/8
  1480 | D:2      | Found a basalt altar of Yredelemnul.
  1688 | D:2      | Found a glowing golden altar of the Shining One.
  2195 | D:2      | Reached skill level 1 in Conjurations
  2412 | D:3      | Reached XP level 5. HP: 19/28 MP: 6/10
  2670 | D:3      | Reached skill level 5 in Earth Magic
  2706 | D:3      | Learned a level 5 spell: Lee's Rapid Deconstruction
  2807 | D:3      | Noticed Terence
  3917 | D:4      | Reached XP level 6. HP: 26/32 MP: 7/12
  4365 | D:5      | Entered Level 5 of the Dungeon
  4996 | D:5      | Reached skill level 5 in Spellcasting
  5008 | D:5      | Reached XP level 7. HP: 15/36 MP: 2/14
  5482 | D:5      | Found Lapnidie's Gadget Emporium.
  5502 | D:5      | Reached skill level 6 in Earth Magic
  5529 | D:5      | Killed from afar by an orc wizard

Action                   |  1- 3 |  4- 6 |  7- 9 || total
-------------------------+-------+-------+-------++-------
Melee: Unarmed           |     9 |       |       ||     9
       Whip              |    78 |    55 |    34 ||   167
       Club              |    14 |       |       ||    14
 Cast: Sandblast         |    37 |   156 |    30 ||   223
       Stoneskin         |       |     4 |     1 ||     5
 Stab: Sleeping          |     1 |       |       ||     1
  Eat: Chunk             |     2 |     8 |       ||    10
       Bread ration      |       |     1 |       ||     1
